 Dungeon Crawl Stone Soup version 0.29.1-2-gbd0b4ee654 (webtiles) character file.

Game seed: 16673964425305009335

56 KittyFluff the Trooper (level 3, -2/36 HPs)
             Began as a Gargoyle Berserker on Oct 31, 2022.
             Was a Follower of Trog.
             Slain by Crazy Yiuf
             ... wielding a +4 quarterstaff of chaos
              (9 damage)
             ... on level 2 of the Dungeon.
             The game lasted 00:05:37 (2219 turns).

KittyFluff the Trooper (Gargoyle Berserker)         Turns: 2219, Time: 00:05:38

Health: -2/36      AC:  5    Str: 22    XL:     3   Next: 97%
Magic:  3/3        EV: 12    Int:  7    God:    Trog [*.....]
Gold:   50         SH:  0    Dex: 15    Spells: 2/2 levels left

rFire   . . .      SeeInvis .   a - +0 mace
rCold   . . .      Faith    .   (no shield)
rNeg    + . .      Spirit   .   b - +0 animal skin
rPois   ∞          Reflect  .   (no helmet)
rElec   +          Harm     .   (no cloak)
rCorr   .          Rampage  .   (no gloves)
Will    .....                   (no boots)
Stlth   ..........              m - amulet of the acrobat
HPRegen 0.12/turn               j - +6 ring of dexterity
MPRegen 0.08/turn               (no ring)

@: berserking, very quick
A: sickness immunity, AC +3, negative energy resistance 1, electricity
resistance, torment resistance 1, petrification resistance
a: Renounce Religion, Berserk


You were on level 2 of the Dungeon.
You worshipped Trog.
Trog was aware of your devotion.
You visited 1 branch of the dungeon, and saw 2 of its levels.

You collected 50 gold pieces.

Inventory:

Hand Weapons
 a - a +0 mace (weapon)
Missiles
 g - 6 javelins (quivered)
Armour
 b - a +0 animal skin (worn)
 h - a +0 leather armour
Jewellery
 e - an amulet of faith
 j - a +6 ring of dexterity (left hand)
 m - an amulet of the acrobat (around neck)
 n - a ring of ice
Scrolls
 c - a scroll of identify {unknown}
 d - a scroll of summoning {unknown}
 k - 2 scrolls of brand weapon {unknown}
Potions
 f - 2 potions of curing {unknown}
 i - a potion of lignification {unknown}
 l - a potion of attraction {unknown}


   Skills:
 + Level 3.7 Fighting
 + Level 3.7 Maces & Flails
 * Level 2.8 Armour
 + Level 2.0 Dodging
 + Level 0.2 Stealth


You had 2 spell levels left.
You didn't know any spells.
Your spell library was empty.

Dungeon Overview and Level Annotations

Branches:
Dungeon (2/15)

Altars:

Annotations:
D:2 Crazy Yiuf


Innate Abilities, Weirdness & Mutations

You are immune to sickness and miasma.
Your stone body is resilient. (AC +3)
You are immune to poison.
You resist negative energy. (rN+)
You are resistant to electric shocks. (rElec)
You are resistant to unholy torment.
You are immune to petrification.


Message History

The frilled lizard hisses angrily.
You hit the frilled lizard.
You kill the frilled lizard!
Trog accepts your kill.
You see here a frilled lizard corpse.
A ball python comes into view.
The ball python hisses angrily.
You hit the ball python.
The ball python is severely wounded.
The ball python closely misses you. x2
The ball python bites you but does no damage.
The ball python closely misses you.
You thump the ball python!
You kill the ball python!
Trog accepts your kill.
Found a hammer.
Found a runed translucent door.
Crazy Yiuf shouts!
Crazy Yiuf grits, "Trifle ragdoll childish!"
You open the door.
Crazy Yiuf glowers.
A red film seems to cover your vision as you go berserk!
You feel yourself moving faster!
You feel mighty!
Crazy Yiuf hits you with a +4 quarterstaff of chaos!
Crazy Yiuf freezes you.
You hit Crazy Yiuf.
Crazy Yiuf is lightly wounded.
Crazy Yiuf hits you with a +4 quarterstaff of chaos!
Crazy Yiuf burns you.
* * * LOW HITPOINT WARNING * * *
You closely miss Crazy Yiuf.
Crazy Yiuf is lightly wounded.
Crazy Yiuf twirls on the spot.
Crazy Yiuf drinks a potion.
Crazy Yiuf seems to speed up.
You closely miss Crazy Yiuf.
Crazy Yiuf is lightly wounded.
Crazy Yiuf barely misses you.
You sock Crazy Yiuf!
Crazy Yiuf is almost dead.
Crazy Yiuf hits you with a +4 quarterstaff of chaos!
You die...

...........####..#####
...........# #....#
(..........# ♣...P♣
........#### ♣.PP♣♣
........# ♣♣.♣♣
........# ♣.♣♣
........# ♣♣.♣
...)....# ♣.♣♣
........# ♣♣@♣
........# #g#
........# ...
........# #...#
........# #..)#
........# #####
........# ###.#####
....#


You could see Crazy Yiuf (fast).

Vanquished Creatures
  An adder (D:2)
  2 worms (D:2)
  4 dart slugs (D:1)
  5 ball pythons
  3 endoplasms
  3 goblins
  3 hobgoblins
  2 jackals (D:1)
  A quokka (D:1)
  A bat (D:1)
  2 frilled lizards (D:2)
  3 kobolds
  2 rats (D:1)
  7 toadstools (D:1)
39 creatures vanquished.

Notes
Turn   | Place    | Note
-------+----------+-------------------------------------------
     0 | D:1      | KittyFluff the Gargoyle Berserker began the quest for the
                  | Orb.
     0 | D:1      | Reached XP level 1. HP: 14/14 MP: 1/1
   870 | D:1      | Reached XP level 2. HP: 14/19 MP: 2/2
  1593 | D:1      | Reached XP level 3. HP: 20/23 MP: 3/3
  2210 | D:2      | Found a runed translucent door.
  2211 | D:2      | Noticed Crazy Yiuf
  2219 | D:2      | Slain by Crazy Yiuf

Illustrated notes

Levels and vault maps discovered:
D:1:      nagdon_arrival_zigzag_paths, layout_rooms, minmay_pentomino_q4
D:2:      kennysheep_six_static_rooms, layout_basic,
          shapermc_ecumenical_altar_petra, hex_medium, uniq_crazy_yiuf_cottage,
          uniq_natasha

Skill      XL: |  1  2  3 |
---------------+----------+-----
Dodging        | 2 |  2.0
Fighting       | |  3.7
Maces & Flails | |  3.7
Armour         | |  2.8
Stealth        | |  0.2

Action                   || total
-------------------------++-------
Melee: Mace              ||   109
       Punch             ||     1
Invok: Berserk           ||     3
Armor: Animal skin       ||    34
Dodge: Dodged            ||    75
